 Dungeon Crawl Stone Soup version 0.25-a0-1007-g10a8c3caa8 (webtiles) character file.

Game seed: 13572276081596177865, levelgen mode: deterministic

79 Hasart the Chiller (level 4, -7/24 HPs)
             Began as a Deep Elf Ice Elementalist on May 12, 2020.
             Killed by divine providence
             ... invoked by an orc priest
              (13 damage)
             ... on level 2 of the Dungeon.
             The game lasted 00:04:47 (1175 turns).

Hasart the Chiller (Deep Elf Ice Elementalist)      Turns: 1175, Time: 00:04:48

Health: -7/24      AC:  2    Str:  5    XL:     4   Next: 16%
Magic:  4/11       EV: 13    Int: 21    God:
Gold:   7          SH:  0    Dex: 15    Spells: 6/10 levels left

rFire    . . .     SeeInvis .   e - +0 dagger
rCold    . . .     Gourm    .   (no shield)
rNeg     . . .     Faith    .   a - +0 robe
rPois    .         Spirit   .   (no helmet)
rElec    .         Reflect  .   l - scarf {cloud immunity}
rCorr    .         Harm     .   (no gloves)
MR       .....                  (no boots)
Stlth    ++........             (no amulet)
HPRegen  0.08/turn              (no ring)
MPRegen  0.12/turn              (no ring)

@: frozen ramparts
A: no striking features
a: no special abilities


You were on level 2 of the Dungeon.
You were not hungry.

You visited 1 branch of the dungeon, and saw 2 of its levels.

You collected 7 gold pieces.

Inventory:

Hand Weapons
 e - a +0 dagger (weapon)
Armour
 a - a +0 robe (worn)
 l - a scarf of cloud immunity (worn)
Scrolls
 g - a scroll of identify {unknown}
 h - 3 scrolls of teleportation {unknown}
 k - a scroll of noise {unknown}
Potions
 b - a potion of haste
 d - a potion of lignification {unknown}
 f - 3 potions of flight {unknown}
 j - a potion of curing {unknown}
 m - 2 potions of might {unknown}
 n - a potion of brilliance {unknown}
Comestibles
 c - 3 rations
 i - 2 chunks of flesh


   Skills:
 + Level 3.3 Dodging
 - Level 2.4 Stealth
 + Level 3.9 Spellcasting
 * Level 5.4 Ice Magic


You had 6 spell levels left.
You knew the following spells:

 Your Spells              Type           Power        Failure   Level  Hunger
a - Freeze                Ice            ####         1%          1    None
b - Frozen Ramparts       Ice            ####..       3%          3    ###....

Your spell library contained the following spells:

 Spells                   Type           Power        Failure   Level  Hunger
 Ozocubu's Armour         Chrm/Ice       ###.....     12%         3    ###....
 Hailstorm                Conj/Ice       ###.....     36%         4    ####...
 Summon Ice Beast         Ice/Summ       ###.....     36%         4    ####...


Dungeon Overview and Level Annotations

Branches:
Dungeon (2/15)

Altars:
Ashenzari


Message History

Things that are here:
a +0 short sword; a +0 ring mail; the human corpse of Terence The wall freezes something.
You hear some strange, mumbled words.
Something tries to affect you, but you resist.
The wall freezes something.
The frozen ramparts melt away.
Something hits you.
* * * LOW HITPOINT WARNING * * *
Casting: Freeze (safe; 1% risk of failure)
Confirm with . or Enter, or press ? or * to list all spells.
The spell is quite dangerous to cast (3% risk of failure)!
Continue anyway?
The walls around you are covered in ice.
The wall freezes the orc priest.
The wall freezes something.
Something barely misses you.
Unknown command.
You closely miss something.
The orc priest calls down the wrath of Beogh upon you.
Beogh smites you!
Ouch! That really hurt!
You die...

##### #.#.# #...###.#.#
#...##..#.# ###
#......##.###..
##########.............#
.........##..............
#.........##...####..#####
#.#.#....)##...# ##.#
#.._.....@##...# #...
#.#.#.....)÷.#### #.#.#
#.......^.o.....## ..#.#
#..........<.....# .## #
#.......÷.##......#.
#.........######.....
#######.### #....# #.#
..### #..# .#


You could see an orc priest.

Vanquished Creatures
  Terence (D:2)
  An adder (D:2)
  An ooze (D:1)
  A dart slug (D:1)
  2 leopard geckos (D:1)
  2 giant cockroaches
  6 goblins (D:1)
  3 hobgoblins
  A ball python (D:1)
  4 bats (D:1)
  5 frilled lizards (D:1)
  8 kobolds (D:1)
  4 rats
39 creatures vanquished.

Notes
Turn   | Place    | Note
-------+----------+-------------------------------------------
     0 | D:1      | Hasart the Deep Elf Ice Elementalist began the quest for
                  | the Orb.
     0 | D:1      | Reached XP level 1. HP: 10/10 MP: 6/6
    52 | D:1      | Reached XP level 2. HP: 12/15 MP: 0/8
   453 | D:1      | Reached skill level 5 in Ice Magic
   600 | D:1      | Reached XP level 3. HP: 19/19 MP: 8/10
   744 | D:1      | Learned a level 3 spell: Frozen Ramparts
  1030 | D:2      | Found a shattered altar of Ashenzari.
  1140 | D:2      | Noticed Terence
  1168 | D:2      | Killed Terence
  1168 | D:2      | Reached XP level 4. HP: 9/24 MP: 6/11
  1175 | D:2      | Killed from afar by an orc priest

Illustrated notes

Levels and vault maps discovered:
D:1:      erik_arrival_orb_chamber, layout_rooms, minmay_3d_cube
D:2:      layout_rooms, old_standard_altar, gammafunk_temple_overflow_wave,
          ashenzari_altar_1, uniq_terence

Skill      XL: |  1  2  3 |
---------------+----------+-----
Ice Magic      | 5 |  5.4
Dodging        | 3 |  3.3
Stealth        | |  2.4
Spellcasting   | |  3.9

Action                   |  1- 3 |  4- 6 || total
-------------------------+-------+-------++-------
Melee: Dagger            |     5 |     1 ||     6
 Cast: Freeze            |    48 |       ||    48
       Frozen Ramparts   |     1 |     1 ||     2
  Eat: Chunk             |     1 |       ||     1
Armor: Robe              |     8 |       ||     8
Dodge: Dodged            |    27 |     1 ||    28

Table legend:
 A = Non-vault XP
 B = Vault XP
 C = Vault XP percentage of total XP
 D = Non-vault monster count
 E = Vault monster count
 F = Vault count percentage of total count
                 A         B        C        D         E       F
            +---------+---------+-------+---------+---------+-------
      Total |      71 |      42 |  37.2 |      34 |       5 |  12.8
            +---------+---------+-------+---------+---------+-------
        D:1 |      53 |       6 |  10.2 |      30 |       4 |  11.8
        D:2 |      18 |      36 |  66.7 |       4 |       1 |  20.0
            +---------+---------+-------+---------+---------+-------
